 Dungeon Crawl Stone Soup version 0.24.0-7-gb3623d2c88 (webtiles) character file.

Game seed: 12572498151174641306, levelgen mode: deterministic

56 DildoBatman the Conjurer (level 4, 0/30 HPs)
             Began as a Formicid Wizard on Nov 2, 2019.
             Slain by an orc priest (4 damage)
             ... on level 3 of the Dungeon.
             The game lasted 00:05:04 (2068 turns).

DildoBatman the Conjurer (Formicid Wizard)          Turns: 2068, Time: 00:05:04

Health: 0/30       AC:  5    Str: 12    XL:     4   Next: 15%
Magic:  1/8        EV: 10    Int: 18    God:
Gold:   96         SH:  0    Dex:  9    Spells: 2/9 levels left

rFire    . . .     SeeInvis +   a - +0 scimitar (pain)
rCold    . . .     Gourm    .   (no shield)
rNeg     . . .     Faith    .   k - +0 ring mail (curse)
rPois    .         Spirit   .   (helmet unavailable)
rElec    .         Reflect  .   (no cloak)
rCorr    .         Harm     .   (no gloves)
MR       .....                  (no boots)
Stlth    ..........             (no amulet)
HPRegen  0.10/turn              (no ring)
MPRegen  0.11/turn              (no ring)

@: confused
A: permanent stasis, dig shafts and tunnels, four strong arms, antennae 3
a: Dig, Shaft Self


You were on level 3 of the Dungeon.
You were not hungry.

You visited 1 branch of the dungeon, and saw 3 of its levels.

You collected 96 gold pieces.

Inventory:

Hand Weapons
 a - a +0 scimitar of pain (weapon)
Missiles
 d - 54 stones (quivered)
 h - 16 arrows
 m - 24 bolts
Armour
 k - a cursed +0 ring mail (worn)
 o - a +0 robe
Scrolls
 g - a scroll of teleportation {unknown}
 x - a scroll of remove curse
 z - a scroll of identify
Potions
 b - a potion of lignification {unknown}
 e - 2 potions of heal wounds {unknown}
 i - a potion of agility {unknown}
 j - a potion of flight {unknown}
Comestibles
 v - 4 rations


   Skills:
 - Level 1.7 Dodging
 - Level 2.4 Stealth
 - Level 3.2 Spellcasting
 * Level 3.3 Conjurations
   Level 1.0 Summonings
   Level 0.8 Translocations


You had 2 spell levels left.
You knew the following spells:

 Your Spells              Type           Power        Failure   Level  Hunger
a - Conjure Flame         Conj/Fire      #.......     50%         3    ###....
c - Magic Dart            Conj           ##..         10%         1    None
e - Mephitic Cloud        Conj/Pois/Air  #.......     56%         3    ###....

Your spell library contained the following spells:

 Spells                   Type           Power        Failure   Level  Hunger
 Call Imp                 Summ           #.......     36%         2    ##.....
 Slow                     Hex            #.......     50%         2    ##.....
 Blink                    Tloc           Unusable     N/A         2    N/A

Dungeon Overview and Level Annotations

Branches:
Dungeon (3/15)

Altars:
Qazlal
Trog
Xom

Annotations:
D:1 Terence
D:2 1 exclusion, Sigmund


Innate Abilities, Weirdness & Mutations

You cannot be hasted, slowed, berserked, paralysed or teleported.
You can dig through walls and to a lower floor.
Your four strong arms can wield two-handed weapons with a shield.
You have a pair of large antennae on your head. (SInv)


Message History

You choke on the stench!
You are confused.
The orc priest is engulfed in noxious fumes.
The orc priest appears confused.
The orc priest misses you.
You bump into the rock wall.
You are engulfed in noxious fumes.
You choke on the stench!
You are more confused.
The orc priest is engulfed in noxious fumes.
The orc priest appears confused.
The orc priest completely misses you.
You bump into the rock wall.
You are engulfed in noxious fumes.
You choke on the stench!
You are more confused.
The orc priest is engulfed in noxious fumes.
The orc priest appears confused.
The orc priest hits you.
You die...

###o###.###.#
............#
#######.##### ##+##
#...##.# ##...##
#.#....# ##.....##
#...####
##.......## ##..##
#.......).####...##
+.........'@os....#
#.........####...##
##.......## ...##
##.....## .### #.#
##...## #. ...
##'## #. #.###.# #.
#...#.## ###....#


You could see an orc priest (confused) and a giant cockroach.

Vanquished Creatures
  An ooze (D:1)
  2 dart slugs
  A leopard gecko (D:2)
  2 orcs (D:3)
  7 bats
  3 giant cockroaches
  6 goblins
  5 hobgoblins
  2 kobolds
  3 ball pythons (D:1)
  3 frilled lizards
  6 rats
41 creatures vanquished.

Notes
Turn   | Place    | Note
-------+----------+-------------------------------------------
     0 | D:1      | DildoBatman the Formicid Wizard began the quest for the
                  | Orb.
     0 | D:1      | Reached XP level 1. HP: 13/13 MP: 4/4
    20 | D:1      | Reached skill level 1 in Conjurations
   159 | D:1      | Reached XP level 2. HP: 18/19 MP: 3/6
   606 | D:1      | Reached XP level 3. HP: 24/24 MP: 0/7
   718 | D:1      | Learned a level 3 spell: Conjure Flame
   722 | D:1      | Learned a level 3 spell: Mephitic Cloud
   880 | D:1      | You fall into a shaft and drop 1 floor!
   973 | D:2      | Noticed Sigmund
  1599 | D:2      | Found a bloodstained altar of Trog.
  1627 | D:2      | Reached XP level 4. HP: 28/30 MP: 2/8
  1683 | D:2      | Found a shimmering altar of Xom.
  1683 | D:2      | Found a stormy altar of Qazlal.
  1683 | D:2      | Noticed Terence
  2068 | D:3      | Slain by an orc priest

Levels and vault maps discovered:
D:1:      minmay_arrival_semitransparent, layout_loops_ring, minmay_cupped
D:2:      layout_basic, lightli_temple_of_fire, gammafunk_temple_overflow_pools,
          uniq_terence, uniq_sigmund
D:3:      layout_loops_corners

Skill      XL: |  1  2  3 |
---------------+----------+-----
Conjurations   | 1 2 3 |  3.3
Dodging        | |  1.7
Stealth        | |  2.4
Spellcasting   | |  3.2
Summonings     | |  1.0
Translocations | |  0.8

Action                   |  1- 3 |  4- 6 || total
-------------------------+-------+-------++-------
Melee: Unarmed           |     8 |       ||     8
       Club              |     7 |       ||     7
       Scimitar          |       |     3 ||     3
 Cast: Magic Dart        |    72 |    16 ||    88
       Conjure Flame     |     1 |       ||     1
       Mephitic Cloud    |       |     3 ||     3
 Abil: Dig               |     5 |       ||     5
  Use: Scroll            |       |     1 ||     1
  Eat: Chunk             |     2 |     2 ||     4
Armor: Robe              |     6 |       ||     6
       Ring mail         |       |     2 ||     2
Dodge: Dodged            |    19 |     5 ||    24
